 Dungeon Crawl Stone Soup version 0.25.0-11-g1f837a76a1 (webtiles) character file.

Game seed: 7753402320311070129

108 Froggeryz the Ruffian (level 4, -1/25 HPs)
             Began as a Gargoyle Transmuter on June 24, 2020.
             Slain by Sigmund
             ... wielding a +4 scythe
              (10 damage)
             ... on level 3 of the Dungeon.
             The game lasted 00:05:10 (2850 turns).

Froggeryz the Ruffian (Gargoyle Transmuter)         Turns: 2850, Time: 00:05:10

Health: -1/25      AC:  9    Str: 13    XL:     4   Next: 87%
Magic:  7/7        EV: 11    Int: 14    God:
Gold:   102        SH:  0    Dex: 11    Spells: 6/7 levels left

rFire    . . .     SeeInvis .     - Unarmed
rCold    . . .     Gourm    .   (no shield)
rNeg     + . .     Faith    .   c - +0 leather armour
rPois    ∞         Spirit   .   p - +2 helmet
rElec    +         Reflect  .   (no cloak)
rCorr    .         Harm     .   (no gloves)
MR       .....                  (no boots)
Stlth    +.........             (no amulet)
HPRegen  0.08/turn              (no ring)
MPRegen  0.10/turn              (no ring)

@: no status effects
A: negative energy resistance 1, electricity resistance, unbreathing,
petrification resistance, rot immunity, AC +3
a: no special abilities


You were on level 3 of the Dungeon.
You were not hungry.

You visited 1 branch of the dungeon, and saw 4 of its levels.

You collected 102 gold pieces.

Inventory:

Hand Weapons
 m - a +1 hunting sling of flaming
Missiles
 a - 28 arrows
Armour
 c - a +0 leather armour (worn)
 p - a +2 helmet (worn)
Scrolls
 b - a scroll of magic mapping {unknown}
 e - 2 scrolls of teleportation {unknown}
 g - 2 scrolls of remove curse {unknown}
 h - 3 scrolls of amnesia {unknown}
 i - 5 scrolls of identify {unknown}
 j - a scroll of noise {unknown}
 k - a scroll of random uselessness {unknown}
 n - a scroll of enchant weapon {unknown}
 o - a scroll of fog {unknown}
Potions
 f - 2 potions of mutation {unknown}
Comestibles
 d - 5 rations
 l - 9 chunks of flesh


   Skills:
 - Level 1.1 Fighting
 - Level 1.5 Dodging
 * Level 5.4 Unarmed Combat
 - Level 2.0 Spellcasting
 - Level 1.5 Transmutations


You had 6 spell levels left.
You knew the following spells:

 Your Spells              Type           Power        Failure   Level  Hunger
a - Beastly Appendage     Tmut           #.....       16%         1    ##.....

Your spell library contained the following spells:

 Spells                   Type           Power        Failure   Level  Hunger
 Sticks to Snakes         Tmut           #.......     24%         2    ###....
 Spider Form              Tmut/Pois      #.........   54%         3    ####...
 Ice Form                 Ice/Tmut       #.......     91%         4    #####..
 Blade Hands              Tmut           #.........   99%         5    ######.


Dungeon Overview and Level Annotations

Branches:
Dungeon (4/15)
 Temple: D:4-7

Altars:

Annotations:
D:3 Sigmund


Innate Abilities, Weirdness & Mutations

You are resistant to torment.
Your stone body is resilient. (AC +3)
You are immune to poison.
You resist negative energy. (rN+)
You are resistant to electric shocks. (rElec)
You can survive without breathing.
You are immune to petrification.
You are immune to rotting.


Message History

The giant cockroach bites you but does no damage.
There are monsters nearby!
You punch the giant cockroach!
You kill the giant cockroach!
You aren't carrying any items that you can evoke.
Okay, then.
Sigmund hits you from afar with a +4 scythe.
Sigmund hits you with a +4 scythe.
You closely miss Sigmund. You hit Sigmund but do no damage.
Sigmund hits you with a +4 scythe.
You punch Sigmund!
Sigmund is moderately wounded.
You barely miss Sigmund.
Sigmund is moderately wounded.
Sigmund points at you and mumbles some strange words.
The magic dart hits you!
You hit Sigmund but do no damage.
Sigmund is moderately wounded.
Sigmund hits you with a +4 scythe!
You die...

#..........o.# #..###
#..##...###?## #....#
#...........# #....#
#.#####.##..#########...#
#.# ##.....†..oO...## #.#
##.##########%# #$# #.#
.# #.# #.###.######## .#
#)# #.....@@...... .# #.#
#####.######## ##
#.#########.#
#....o....#.#######
#########.#.......#
#.#######.#
#.#######.####
#o...........#
#.#######.##.#


You could see Sigmund.

Vanquished Creatures
  Robin (D:2)
  3 adders
  A worm (D:2)
  4 dart slugs (D:1)
  3 giant cockroaches
  10 hobgoblins
  6 jackals (D:1)
  3 kobolds
  A ball python (D:2)
  3 bats
  2 frilled lizards
  15 goblins
  3 rats
55 creatures vanquished.

Notes
Turn   | Place    | Note
-------+----------+-------------------------------------------
     0 | D:1      | Froggeryz the Gargoyle Transmuter began the quest for the
                  | Orb.
     0 | D:1      | Reached XP level 1. HP: 12/12 MP: 3/3
   286 | D:1      | Reached XP level 2. HP: 16/16 MP: 5/5
   741 | D:1      | Reached skill level 4 in Unarmed Combat
   775 | D:1      | Reached XP level 3. HP: 10/20 MP: 6/6
  1471 | D:2      | You fall into a shaft and drop 2 floors!
  1472 | D:4      | Noticed an ogre
  1490 | D:4      | Noticed a scorpion
  1495 | D:4      | Noticed a phantom
  1611 | D:3      | Reached XP level 4. HP: 10/25 MP: 7/7
  2182 | D:2      | Reached skill level 5 in Unarmed Combat
  2537 | D:2      | Noticed Robin
  2615 | D:2      | Killed Robin
  2839 | D:3      | Noticed Sigmund
  2850 | D:3      | Slain by Sigmund

Illustrated notes

Levels and vault maps discovered:
D:1:      dpeg_arrival_short_road, layout_rooms
D:2:      layout_loops_corners, uniq_robin
D:3:      layout_loops_ring, uniq_sigmund
D:4:      layout_rooms, kiku_gazebo_pond_becter, minmay_temple_entry_mini_moons,
          serial_shops, shop

Skill      XL: |  1  2  3  4 |
---------------+-------------+-----
Unarmed Combat | 4 5 |  5.4
Fighting       | |  1.1
Dodging        | |  1.5
Spellcasting   | |  2.0
Transmutations | |  1.5

Action                   |  1- 3 |  4- 6 || total
-------------------------+-------+-------++-------
Melee: Unarmed           |   171 |    97 ||   268
       Punch             |     2 |       ||     2
  Eat: Chunk             |     2 |     4 ||     6
Armor: Robe              |    10 |       ||    10
       Leather armour    |    65 |    30 ||    95
Dodge: Dodged            |   105 |    46 ||   151
